 Dungeon Crawl Stone Soup version 0.31-a0-925-g0a390f2509 (webtiles) character file.

Game seed: 6761457937234507099

69 Flugkiller the Slasher (level 4, -7/35 HPs)
             Began as a Djinni Gladiator on Oct 18, 2023.
             Mangled by Robin
             ... wielding a +2 mace of draining
              (8 damage)
             ... on level 3 of the Dungeon.
             The game lasted 00:02:10 (1101 turns).

Flugkiller the Slasher (Djinni Gladiator)           Turns: 1101, Time: 00:02:10

Health: -7/35      AC:  4    Str: 13    XL:     4   Next: 42%
Gold:   101        EV: 13    Int: 10    God:
                   SH:  0    Dex: 16

rFire   + + .        a - +0 long sword
rCold   x . .        (no shield)
rNeg    . . .        m - +0 leather armour
rPois   ∞            c - +0 helmet
rElec   .            i - scarf {harm}
rCorr   .            (no gloves)
SInv    .            (boots unavailable)
Will    .....        (no amulet)
Stlth   +            (no ring)
HPRegen 0.25/turn    (no ring)
MPRegen 0.00/turn

%: harm (+30% outgoing, +20% incoming), infuse magic (-8 HP)
@: flying
A: sickness immunity, fire resistance 2, cold vulnerability 1, float, innate
caster, HP casting, extra vitality 1
a: no special abilities


You were on level 3 of the Dungeon.
You visited 1 branch of the dungeon, and saw 3 of its levels.

You collected 101 gold pieces.

Inventory:

Hand Weapons
 a - a +0 long sword (weapon)
 b - a +2 heavy sling
   (You found it on level 2 of the Dungeon)
Missiles
 d - 2 throwing nets (quivered)
 e - a javelin
Armour
 c - a +0 helmet (worn)
 f - a +0 ring mail of positive energy
   (You found it on level 1 of the Dungeon)
 i - a scarf of harm (worn)
   (You found it on level 2 of the Dungeon)
 m - a +0 leather armour (worn)
Scrolls
 g - a scroll of revelation
 r - a scroll of identify


   Skills:
 - Level 3.0 Fighting
 + Level 3.9 Long Blades
 - Level 1.5 Throwing
 - Level 3.3 Dodging


You knew the following spells:

 Your Spells              Type           Power      Damage    Failure   Level
q - Apportation           Tloc           0%         N/A       43%         1
Your spell library was empty.

Dungeon Overview and Level Annotations

Branches:
Dungeon (3/15) Zot: 16868

Altars:
Makhleb

Annotations:
D:3 Robin


Innate Abilities, Weirdness & Mutations

You are immune to sickness and miasma.
You are immune to poison.
Your flesh is very heat resistant. (rF++)
You are vulnerable to cold. (rC-)
You float through the air rather than walking.
You learn spells naturally, not from books.
Your magical power is your life essence.
You have superior vitality. (+4 MHP)


Message History

You hit the rat.
You kill the rat!
A rat comes into view.
A goblin comes into view. It is wielding a +0 dagger.
The rat bites you but does no damage.
You barely miss the rat.
The goblin shouts!
You hear a shout! x2
The rat barely misses you.
A rat comes into view.
You closely miss the rat.
The rat twitches its whiskers.
The rat bites you but does no damage. The rat bites you.
You hit the rat but do no damage. The rat bites you but does no damage.
You slash the rat!
You kill the rat!
The rat twitches its whiskers.
You barely miss the rat. The rat bites you but does no damage.
You closely miss the rat. The rat misses you.
You closely miss the rat. The rat misses you. The rat barely misses you.
You hit the rat but do no damage. The rat completely misses you.
You barely miss the rat.
The gnoll shouts!
The rat barely misses you.
Unknown command.
You slash the rat!
You kill the rat!
Okay, then.
As you read the scroll labelled YSYSAILETT, it crumbles to dust.
You hear a loud clanging noise!
It was a scroll of noise.
You hear a shout! x4
Unknown command.
You barely miss the goblin. The goblin hits you with a +0 dagger.
The gnoll barely misses you.
You slash the goblin!
You kill the goblin!
The gnoll barely misses you. The gnoll closely misses you.
The gnoll hits you from afar with a +0 spear. x2
Unknown command.
Okay, then.
Okay, then.
The gnoll closely misses you.
Unknown command.
You slash the gnoll!
The gnoll is severely wounded.
The gnoll hits you with a +0 spear!
You closely miss the gnoll.
The gnoll is severely wounded.
The gnoll closely misses you. The gnoll hits you with a +0 spear.
Unknown command.
You barely miss the gnoll.
The gnoll is severely wounded.
The gnoll hits you from afar with a +0 spear.
The gnoll hits you with a +0 spear.
* * * LOW HITPOINT WARNING * * *
Unknown command.
You hit the gnoll.
You kill the gnoll!
The gnoll barely misses you. The gnoll hits you but does no damage.
The gnoll closely misses you. The gnoll hits you with a +0 flail!
* * * LOW HITPOINT WARNING * * *
You feel much better. The gnoll closely misses you.
The gnoll barely misses you.
A hobgoblin comes into view.
Things that are here:
a +0 spear; a gnoll corpse You closely miss Robin.
A goblin comes into view. It is wielding a +0 dagger.
Robin roars a battlecry!
The goblins go into a battle-frenzy!
The goblin shouts!
You hear a shout!
You barely miss Robin.
The gnoll hits you from afar with a +0 spear.
Robin completely misses you.
Unknown command.
Okay, then.
You aren't carrying any potions.
Unknown command.
Okay, then.
You hit Robin.
Robin is moderately wounded.
The gnoll misses you.
Robin hits you with a +2 mace of draining.
A quokka comes into view.
You hit Robin.
Robin is heavily wounded.
The gnoll hits you from afar with a +0 spear.
* * * LOW HITPOINT WARNING * * *
Robin roars a battlecry!
Unknown command.
You hit Robin but do no damage.
Robin is heavily wounded.
Robin completely misses you.
The gnoll hits you from afar with a +0 spear.
* * * LOW HITPOINT WARNING * * *
The gnoll hits you from afar with a +0 spear.
* * * LOW HITPOINT WARNING * * *
Robin hits you with a +2 mace of draining!
You die...
Robin says, "And that's why I'm the boss."

. #...:....
.####...).....
...=.......r..
.l.J#.........
..g...g......g#
......!........#####
.......[......gg@..#
.(...<.......?.###g#
...>...........gg)g#
...)...........#####
...............
....#.#........
.####.######### .
..# .##


You could see Robin, a gnoll, a quokka, a hobgoblin (strong) and a goblin
(strong).

Vanquished Creatures
  A gnoll (D:3)
  2 adders (D:2)
  3 worms
  An orc (D:3)
  2 bats (D:2)
  An endoplasm (D:2)
  2 giant cockroaches (D:2)
  6 goblins
  2 hobgoblins
  2 jackals (D:2)
  3 kobolds (D:1)
  2 ball pythons
  A frilled lizard (D:1)
  3 rats (D:3)
31 creatures vanquished.

Notes
Turn   | Place    | Note
-------+----------+-------------------------------------------
     0 | D:1      | Flugkiller the Djinni Gladiator began the quest for the
                  | Orb.
     0 | D:1      | Reached XP level 1. HP: 18/18 MP: 0/0
   199 | D:1      | Reached XP level 2. HP: 24/24 MP: 0/0
   215 | D:1      | You are sucked into a shaft and drop 1 floor!
   382 | D:2      | Reached XP level 3. HP: 30/30 MP: 0/0
   382 | D:2      | Learned a level 1 spell: Apportation
   533 | D:2      | Found a burning altar of Makhleb.
   991 | D:3      | Noticed Robin
  1006 | D:3      | Reached XP level 4. HP: 25/35 MP: 0/0
  1051 | D:3      | Noticed a water moccasin
  1094 | D:3      | HP: 1/35 [gnoll/+0 flail (8)]
  1101 | D:3      | HP: 1/35 [gnoll/+0 spear (2)]
  1101 | D:3      | Mangled by Robin

Illustrated notes

Levels and vault maps discovered:
D:1:      nzn_arrival_depleted_hourglass, layout_loops_corners,
          minmay_pentomino_r2
D:2:      layout_basic, basic_altar, corexii_shack
D:3:      layout_rooms, uniq_grinder, uniq_robin

Skill      XL: |  1  2 |
---------------+-------+-----
Fighting       | 3 |  3.0
Long Blades    | 3 |  3.9
Throwing       | |  1.5
Dodging        | |  3.3

Action                     |  1- 3 |  4- 6 || total
---------------------------+-------+-------++-------
  Melee: Long sword        |    85 |    24 ||   109
   Fire: Sling             |       |     3 ||     3
  Throw: Throwing net      |       |     1 ||     1
    Use: Scroll            |       |     5 ||     5
         Potion            |       |     1 ||     1
   Stab: Sleeping          |     1 |       ||     1
 Armour: Leather armour    |    47 |    22 ||    69
  Dodge: Dodged            |    75 |    20 ||    95

Table legend: (Time is in decaauts)
 A = Elapsed time spent in this place.
 B = Non-inter-level travel time spent in this place.
 C = Inter-level travel time spent in this place.
 D = Time resting spent in this place.
 E = Time spent auto-exploring this place.
 F = Levels seen in this place.
 G = Mean time per level.
                   A        B        C        D        E       F      G
               +--------+--------+--------+--------+--------+-----+--------+
         Total |   1130 |   1089 |     41 |     74 |    669 |   3 |  376.7 |
       Dungeon |   1130 |   1089 |     41 |     74 |    669 |   3 |  376.7 |
               +--------+--------+--------+--------+--------+-----+--------+

Top non-repeatable levels by time:
     D:2: 780 daAuts
     D:1: 222 daAuts
     D:3: 127 daAuts
